[Event "45th FIDE Womens Olympiad 2024"]
[Site "Budapest"]
[Date "2024.09.11"]
[Round "1.134"]
[White "Cadeau, Merisena"]
[Black "Yakubbaeva, Nilufar"]
[Result "0-1"]
[ECO "D30"]
[WhiteElo "1671"]
[BlackElo "2248"]
[Annotator "ChessBase"]
[PlyCount "60"]
[EventDate "2024.09.05"]
[EventType "team-tourn"]
[EventCountry "HUN"]
[SourceTitle "playchess.com"]
[Source "ChessBase"]
[SourceQuality "1"]
[WhiteTeam "Haiti"]
[BlackTeam "Uzbekistan"]
[WhiteTeamCountry "HAI"]
[BlackTeamCountry "UZB"]
[TimeControl "40/5400+30:1800+30"]

1. d4 Nf6 2. c4 e6 3. Nf3 d5 4. Bg5 Be7 5. Qc2 O-O 6. e3 h6 7. Bh4 b6 8. Bxf6 Bxf6 9. g3 Bb7 10. Bg2 Nd7 11. Nbd2 c5 12. cxd5 Bxd5 13. e4 Bb7 14. e5 Be7 15. Nb3 cxd4 16. O-O Rc8 17. Qd2 Bxf3 18. Bxf3 Nxe5 19. Be4 Bf6 20. Rfd1 Nc4 21. Qe2 e5 22. Rac1 Nd6 23. Rxc8 Qxc8 24. Rc1 Qd7 25. Bc6 Qe6 26. Bd5 Qxd5 27. Rc7 e4 28. Qc2 d3 29. Qc1 Nb5 30. Rc4 Bxb2 0-1

[Event "45th FIDE Womens Olympiad 2024"]
[Site "Budapest"]
[Date "2024.09.11"]
[Round "1.135"]
[White "Omonova, Umida"]
[Black "Jonet, Davena"]
[Result "1-0"]
[ECO "C24"]
[WhiteElo "2032"]
[BlackElo "1659"]
[Annotator "NA RC"]
[PlyCount "57"]
[EventDate "2024.09.05"]
[EventType "team-tourn"]
[EventCountry "HUN"]
[SourceTitle "playchess.com"]
[Source "ChessBase"]
[SourceQuality "1"]
[WhiteTeam "Uzbekistan"]
[BlackTeam "Haiti"]
[WhiteTeamCountry "UZB"]
[BlackTeamCountry "HAI"]
[TimeControl "40/5400+30:1800+30"]

1. e4 e5 2. Nf3 Nc6 3. Bc4 Nf6 4. d3 d5 5. exd5 Nxd5 6. O-O Be7 7. Re1 f6 8. a4 Bg4 9. Nbd2 Nb6 10. Bb5 Qd6 11. h3 Bd7 12. Ne4 Qe6 13. a5 Nc8 14. Bc4 Qxc4 15. dxc4 Be6 16. b3 O-O 17. Ba3 Rd8 18. Qe2 f5 19. Bxe7 N8xe7 20. Nc5 Bf7 21. Nxe5 Nxe5 22. Qxe5 Ng6 23. Qxf5 b6 24. axb6 cxb6 25. Ne6 Bxe6 26. Qxe6+ Kh8 27. Rad1 Rf8 28. Rd7 h6 29. Qxg6 1-0

[Event "45th FIDE Womens Olympiad 2024"]
[Site "Budapest"]
[Date "2024.09.11"]
[Round "1.136"]
[White "Dunat, Kineberlie"]
[Black "Nadirjanova, Nodira"]
[Result "0-1"]
[ECO "D00"]
[WhiteElo "1582"]
[BlackElo "2059"]
[Annotator "NA"]
[PlyCount "75"]
[EventDate "2024.09.05"]
[EventType "team-tourn"]
[EventCountry "HUN"]
[SourceTitle "playchess.com"]
[Source "ChessBase"]
[SourceQuality "1"]
[WhiteTeam "Haiti"]
[BlackTeam "Uzbekistan"]
[WhiteTeamCountry "HAI"]
[BlackTeamCountry "UZB"]
[TimeControl "40/5400+30:1800+30"]

1. d4 d5 2. Bf4 c5 3. Nf3 Nc6 4. e3 Bg4 5. Be2 e6 6. Nbd2 Nf6 7. c3 cxd4 8. exd4 Bd6 9. Ne5 Bxe2 10. Qxe2 Qc7 11. Bg3 O-O 12. O-O Rab8 13. f4 Nd7 14. Ndf3 Ne7 15. Ng5 h6 16. Ngf3 Nf6 17. Nd2 Nf5 18. Bf2 Be7 19. a3 Nd6 20. Ng4 Nfe4 21. Be1 f5 22. Ne5 b5 23. Qh5 Nxd2 24. Bxd2 Ne4 25. Bc1 a5 26. Ng6 Rf6 27. Ne5 Kh7 28. Be3 g6 29. Qe2 Rff8 30. g4 b4 31. axb4 axb4 32. cxb4 Rxb4 33. Rac1 Qb7 34. Rc2 Rc8 35. Rxc8 Qxc8 36. Rc1 Qb7 37. Rc2 Bd6 38. Rc6 0-1

[Event "45th FIDE Womens Olympiad 2024"]
[Site "Budapest"]
[Date "2024.09.11"]
[Round "1.137"]
[White "Shipindo, Rauha"]
[Black "Koskela, Niina"]
[Result "0-1"]
[ECO "E05"]
[WhiteElo "1677"]
[BlackElo "2173"]
[Annotator "NA"]
[PlyCount "76"]
[EventDate "2024.09.05"]
[EventType "team-tourn"]
[EventCountry "HUN"]
[SourceTitle "playchess.com"]
[Source "ChessBase"]
[SourceQuality "1"]
[WhiteTeam "Namibia"]
[BlackTeam "Norway"]
[WhiteTeamCountry "NAM"]
[BlackTeamCountry "NOR"]
[TimeControl "40/5400+30:1800+30"]

1. d4 Nf6 2. Nf3 e6 3. g3 d5 4. Bg2 Be7 5. c4 dxc4 6. Qa4+ Bd7 7. Qxc4 Bc6 8. O-O O-O 9. Nc3 a6 10. a4 b5 11. axb5 axb5 12. Nxb5 Rxa1 13. Nc3 Qc8 14. h3 Qa6 15. Qxa6 Nxa6 16. Ne5 Bxg2 17. Kxg2 Nb4 18. Bd2 Rxf1 19. Kxf1 c5 20. dxc5 Bxc5 21. g4 Rd8 22. Bg5 Bd4 23. Nf3 Bxc3 24. bxc3 Rd1+ 25. Kg2 Nc6 26. Be3 Nd5 27. Nd4 Nxe3+ 28. fxe3 Nxd4 29. cxd4 Kf8 30. Kf3 Ke7 31. e4 Rxd4 32. e3 Rd2 33. Kg3 e5 34. Kf3 Kd6 35. h4 Kc5 36. h5 Kc4 37. Kg3 Kd3 38. Kf3 Re2 0-1

[Event "45th FIDE Womens Olympiad 2024"]
[Site "Budapest"]
[Date "2024.09.11"]
[Round "1.138"]
[White "Stanford, Sheila Barth"]
[Black "Beukes Jamie-Nicole"]
[Result "1-0"]
[ECO "B22"]
[WhiteElo "2175"]
[BlackElo "1735"]
[Annotator "ChessBase"]
[PlyCount "65"]
[EventDate "2024.09.05"]
[EventType "team-tourn"]
[EventCountry "HUN"]
[SourceTitle "playchess.com"]
[Source "ChessBase"]
[SourceQuality "1"]
[WhiteTeam "Norway"]
[BlackTeam "Namibia"]
[WhiteTeamCountry "NOR"]
[BlackTeamCountry "NAM"]
[TimeControl "40/5400+30:1800+30"]

1. e4 c5 2. Nf3 e6 3. c3 Nc6 4. d4 cxd4 5. cxd4 d6 6. Nc3 Nf6 7. Bd3 Be7 8. O-O O-O 9. a3 a6 10. h3 b5 11. e5 dxe5 12. dxe5 Nd5 13. Nxd5 Qxd5 14. Qc2 Nd4 15. Nxd4 Qxd4 16. Bxh7+ Kh8 17. Be4 Rb8 18. Bf4 Bb7 19. Bxb7 Qxf4 20. Qe4 Qd2 21. b4 Qd7 22. Bc6 Qc7 23. Rac1 Rfc8 24. Qe3 Qb6 25. Qxb6 Rxb6 26. Be4 Rc4 27. Rxc4 bxc4 28. Rc1 g6 29. Rxc4 Kg7 30. f4 Rb5 31. Rc7 Bd8 32. Rb7 Bb6+ 33. Kf1 1-0

[Event "45th FIDE Womens Olympiad 2024"]
[Site "Budapest"]
[Date "2024.09.11"]
[Round "1.139"]
[White "Nepando, Jolly"]
[Black "Ni, Viktorija"]
[Result "0-1"]
[ECO "B23"]
[WhiteElo "1642"]
[BlackElo "2163"]
[Annotator "ChessBase"]
[PlyCount "56"]
[EventDate "2024.09.05"]
[EventType "team-tourn"]
[EventCountry "HUN"]
[SourceTitle "playchess.com"]
[Source "ChessBase"]
[SourceQuality "1"]
[WhiteTeam "Namibia"]
[BlackTeam "Norway"]
[WhiteTeamCountry "NAM"]
[BlackTeamCountry "NOR"]
[TimeControl "40/5400+30:1800+30"]

1. e4 c5 2. Nc3 e6 3. Nge2 Nc6 4. g3 d5 5. exd5 exd5 6. d4 Bg4 7. Bg2 Nxd4 8. h3 Bf3 9. Kf1 Nf6 10. Bg5 Be7 11. Qd3 Bxg2+ 12. Kxg2 Nxe2 13. Nxe2 O-O 14. c3 d4 15. h4 h6 16. Bf4 Qd5+ 17. f3 dxc3 18. Qxc3 Ng4 19. Rad1 Qc6 20. Kg1 Bf6 21. Qa3 Rfe8 22. Rd6 Qc8 23. Kf1 Ne5 24. g4 Nc4 25. Qd3 Nxd6 26. g5 Be5 27. gxh6 Bxf4 28. Rg1 Bxh6 0-1

[Event "45th FIDE Womens Olympiad 2024"]
[Site "Budapest"]
[Date "2024.09.11"]
[Round "1.140"]
[White "Machlik, Monika"]
[Black "Van Wyk, Keisha C"]
[Result "1-0"]
[ECO "E67"]
[WhiteElo "2109"]
[BlackElo "1599"]
[Annotator "NA"]
[PlyCount "47"]
[EventDate "2024.09.05"]
[EventType "team-tourn"]
[EventCountry "HUN"]
[SourceTitle "playchess.com"]
[Source "ChessBase"]
[SourceQuality "1"]
[WhiteTeam "Norway"]
[BlackTeam "Namibia"]
[WhiteTeamCountry "NOR"]
[BlackTeamCountry "NAM"]
[TimeControl "40/5400+30:1800+30"]

1. d4 Nf6 2. c4 g6 3. Nc3 Bg7 4. g3 O-O 5. Bg2 d6 6. Nf3 a6 7. O-O Nbd7 8. e4 c5 9. e5 Ng4 10. exd6 exd6 11. Bf4 Qb6 12. Na4 Qb4 13. Bxd6 Re8 14. b3 Re6 15. Bc7 Ra7 16. a3 Qxa4 17. bxa4 b6 18. Bf4 Re8 19. Rb1 cxd4 20. Nxd4 h5 21. Nc6 Rb7 22. Re1 Rf8 23. Ne7+ Kh7 24. Nxc8 1-0

[Event "45th FIDE Womens Olympiad 2024"]
[Site "Budapest"]
[Date "2024.09.11"]
[Round "1.141"]
[White "Rogule, Laura"]
[Black "Cancino, Shiela"]
[Result "1-0"]
[ECO "E16"]
[WhiteElo "2248"]
[BlackElo "1663"]
[Annotator "ChessBase"]
[PlyCount "55"]
[EventDate "2024.09.05"]
[EventType "team-tourn"]
[EventCountry "HUN"]
[SourceTitle "playchess.com"]
[Source "ChessBase"]
[SourceQuality "1"]
[WhiteTeam "Latvia"]
[BlackTeam "Bermuda"]
[WhiteTeamCountry "LAT"]
[BlackTeamCountry "BER"]
[TimeControl "40/5400+30:1800+30"]

1. d4 Nf6 2. c4 e6 3. Nf3 b6 4. g3 Bb7 5. Bg2 d5 6. cxd5 Bb4+ 7. Bd2 Bxd2+ 8. Nbxd2 exd5 9. Qa4+ Qd7 10. Qc2 O-O 11. O-O Re8 12. Rfc1 c6 13. Ne5 Qc8 14. Ndf3 h6 15. Nh4 Rxe5 16. dxe5 Nh7 17. Bxd5 c5 18. Nf5 Kh8 19. Nd6 Qc7 20. Bxb7 Nc6 21. Bxa8 Nxe5 22. Rd1 Nf6 23. Qf5 Ng6 24. Qc8+ Qxc8 25. Nxc8 Ne5 26. Rd8+ Kh7 27. Rc1 Kg6 28. Nxa7 1-0

[Event "45th FIDE Womens Olympiad 2024"]
[Site "Budapest"]
[Date "2024.09.11"]
[Round "1.143"]
[White "Ter-Avetisjana, Agnesa Stepania"]
[Black "Gontcharova, Olga"]
[Result "1-0"]
[ECO "C41"]
[WhiteElo "2134"]
[BlackElo "1567"]
[Annotator "NA"]
[PlyCount "91"]
[EventDate "2024.09.05"]
[EventType "team-tourn"]
[EventCountry "HUN"]
[SourceTitle "playchess.com"]
[Source "ChessBase"]
[SourceQuality "1"]
[WhiteTeam "Latvia"]
[BlackTeam "Bermuda"]
[WhiteTeamCountry "LAT"]
[BlackTeamCountry "BER"]
[TimeControl "40/5400+30:1800+30"]

1. e4 d6 2. d4 Nf6 3. Nc3 Nbd7 4. Be3 e5 5. Nf3 Be7 6. h3 O-O 7. Bc4 c6 8. dxe5 dxe5 9. a4 b6 10. O-O a6 11. Qe2 Bb7 12. Rad1 Qc7 13. Bg5 Rfd8 14. Nh4 Nf8 15. Nf5 Ng6 16. Qf3 Rxd1 17. Nxd1 b5 18. Ba2 c5 19. Nc3 Rd8 20. axb5 axb5 21. Nxb5 Qb6 22. Nxe7+ Nxe7 23. Nc3 Rd7 24. Bc4 Rd4 25. b3 Rd7 26. Bxf6 Qxf6 27. Qxf6 gxf6 28. Na4 Ng6 29. Nxc5 Re7 30. Nxb7 Rxb7 31. Bd5 Rb4 32. c3 Rb6 33. g3 f5 34. b4 f4 35. Ra1 Kg7 36. Ra7 Ne7 37. Rxe7 Ra6 38. Rxf7+ Kh6 39. gxf4 Ra1+ 40. Kg2 Ra3 41. fxe5 Rxc3 42. e6 Kh5 43. e7 Kh4 44. e8=Q h6 45. Rf4+ Kg5 46. Rg4+ 1-0

[Event "45th FIDE Womens Olympiad 2024"]
[Site "Budapest"]
[Date "2024.09.11"]
[Round "1.145"]
[White "Bouzana, Christina"]
[Black "Azali, Tannaz"]
[Result "0-1"]
[ECO "E42"]
[WhiteElo "1644"]
[BlackElo "2125"]
[Annotator "NA"]
[PlyCount "68"]
[EventDate "2024.09.05"]
[EventType "team-tourn"]
[EventCountry "HUN"]
[SourceTitle "playchess.com"]
[Source "ChessBase"]
[SourceQuality "1"]
[WhiteTeam "Cyprus"]
[BlackTeam "Iran"]
[WhiteTeamCountry "CYP"]
[BlackTeamCountry "IRI"]
[TimeControl "40/5400+30:1800+30"]

1. d4 Nf6 2. c4 e6 3. Nc3 Bb4 4. e3 c5 5. Nge2 d5 6. cxd5 Nxd5 7. a3 Nxc3 8. bxc3 Ba5 9. Bd2 O-O 10. Ng3 Nc6 11. Be2 cxd4 12. cxd4 e5 13. dxe5 Nxe5 14. Bb4 Bxb4+ 15. axb4 Qe7 16. Rb1 Rd8 17. Qc1 b6 18. O-O Be6 19. b5 Rac8 20. Qb2 Nd7 21. Rfc1 Nc5 22. Bc4 Bxc4 23. Rxc4 Qe6 24. Rbc1 g6 25. Qc2 Rd5 26. Ne2 Rcd8 27. Nd4 Qd7 28. g3 Ne6 29. Nc6 Re8 30. Rb1 Rd2 31. Qc3 Ng5 32. Nd4 Nh3+ 33. Kg2 Rxf2+ 34. Kh1 Qd5+ 0-1

[Event "45th FIDE Womens Olympiad 2024"]
[Site "Budapest"]
[Date "2024.09.11"]
[Round "1.146"]
[White "Karimi, Setayesh"]
[Black "Sokolova, Larisa"]
[Result "1-0"]
[ECO "D10"]
[WhiteElo "2105"]
[BlackElo "1705"]
[Annotator "NA"]
[PlyCount "81"]
[EventDate "2024.09.05"]
[EventType "team-tourn"]
[EventCountry "HUN"]
[SourceTitle "playchess.com"]
[Source "ChessBase"]
[SourceQuality "1"]
[WhiteTeam "Iran"]
[BlackTeam "Cyprus"]
[WhiteTeamCountry "IRI"]
[BlackTeamCountry "CYP"]
[TimeControl "40/5400+30:1800+30"]

1. d4 d5 2. c4 c6 3. Nc3 Nf6 4. cxd5 Nxd5 5. e4 Nxc3 6. bxc3 g6 7. Bc4 b5 8. Bb3 Bg7 9. Nf3 O-O 10. O-O Nd7 11. Be3 Bb7 12. Qe2 a6 13. Rad1 Qc7 14. c4 e6 15. c5 Nf6 16. Bg5 a5 17. Ne5 a4 18. Bc2 Nd7 19. Be7 Rfe8 20. Bd6 Qd8 21. Ng4 Bf8 22. Bf4 f6 23. Qd2 Qe7 24. e5 fxe5 25. Nxe5 Nxe5 26. Bxe5 Bg7 27. Rfe1 Rad8 28. Bd6 Qf7 29. Qg5 Bf6 30. Qg3 Be7 31. Be5 Bf6 32. h4 Rd5 33. h5 g5 34. Be4 Rd7 35. Bf3 h6 36. Bg4 Bxe5 37. Qxe5 Rde7 38. Rd3 Bc8 39. Rf3 Qg7 40. Rf6 Rf7 41. Rg6 1-0

[Event "45th FIDE Womens Olympiad 2024"]
[Site "Budapest"]
[Date "2024.09.11"]
[Round "1.147"]
[White "Paunescu, Aida"]
[Black "Behzad Nazif, Parva"]
[Result "0-1"]
[ECO "D02"]
[WhiteElo "1603"]
[BlackElo "2092"]
[Annotator "NA"]
[PlyCount "94"]
[EventDate "2024.09.05"]
[EventType "team-tourn"]
[EventCountry "HUN"]
[SourceTitle "playchess.com"]
[Source "ChessBase"]
[SourceQuality "1"]
[WhiteTeam "Cyprus"]
[BlackTeam "Iran"]
[WhiteTeamCountry "CYP"]
[BlackTeamCountry "IRI"]
[TimeControl "40/5400+30:1800+30"]

1. d4 d5 2. Nf3 Nf6 3. Bf4 c5 4. e3 Nc6 5. c3 Qb6 6. Qb3 c4 7. Qc2 Bf5 8. Qc1 e6 9. Nbd2 Be7 10. Be2 Rc8 11. O-O h6 12. h3 O-O 13. Re1 Qd8 14. Bd1 b5 15. a3 a5 16. Bc2 b4 17. axb4 axb4 18. e4 dxe4 19. Nxe4 Nxe4 20. Bxe4 Bxe4 21. Rxe4 Qd5 22. Re1 Ra8 23. Qc2 b3 24. Qe2 Ra2 25. Rab1 Ba3 26. Bc1 Bd6 27. Qe4 Rfa8 28. Qxd5 exd5 29. Bd2 Kf8 30. Kf1 Ne7 31. Be3 Nc8 32. Ng1 Nb6 33. Ne2 Na4 34. Bc1 Re8 35. Ng3 Rxe1+ 36. Kxe1 Ba3 37. Ne2 Bxb2 38. Bxb2 Rxb2 39. Rxb2 Nxb2 40. Kd2 Nd3 41. f4 Ne1 42. Kc1 Nxg2 43. Kb1 Ke7 44. f5 Kf6 45. Ng3 Kg5 46. Kb2 Ne3 47. Kb1 Nd1 0-1

[Event "45th FIDE Womens Olympiad 2024"]
[Site "Budapest"]
[Date "2024.09.11"]
[Round "1.148"]
[White "Hamedi Nia, Vesal"]
[Black "Pica, Eleni"]
[Result "1-0"]
[ECO "D37"]
[WhiteElo "1986"]
[BlackElo "1609"]
[Annotator "NA"]
[PlyCount "53"]
[EventDate "2024.09.05"]
[EventType "team-tourn"]
[EventCountry "HUN"]
[SourceTitle "playchess.com"]
[Source "ChessBase"]
[SourceQuality "1"]
[WhiteTeam "Iran"]
[BlackTeam "Cyprus"]
[WhiteTeamCountry "IRI"]
[BlackTeamCountry "CYP"]
[TimeControl "40/5400+30:1800+30"]

1. d4 Nf6 2. c4 e6 3. Nf3 d5 4. Nc3 Be7 5. Bf4 O-O 6. e3 Nbd7 7. cxd5 Nxd5 8. Bg3 Nxc3 9. bxc3 c5 10. Bd3 cxd4 11. exd4 Qa5 12. Qb3 Qa3 13. O-O Nf6 14. Ne5 Nh5 15. Qc2 f5 16. Nc4 Qa6 17. Be5 b5 18. Ne3 Qc6 19. Be2 Qe8 20. Bf3 b4 21. Bxa8 Ba6 22. Bf3 Bxf1 23. Rxf1 g5 24. Qb3 g4 25. Qxe6+ Qf7 26. Bd5 Ng7 27. Qc6 1-0

[Event "45th FIDE Womens Olympiad 2024"]
[Site "Budapest"]
[Date "2024.09.11"]
[Round "1.149"]
[White "Olde, Margareth"]
[Black "Hamadeh, Sally"]
[Result "1-0"]
[ECO "D27"]
[WhiteElo "2135"]
[BlackElo "1557"]
[Annotator "NA"]
[PlyCount "105"]
[EventDate "2024.09.05"]
[EventType "team-tourn"]
[EventCountry "HUN"]
[SourceTitle "playchess.com"]
[Source "ChessBase"]
[SourceQuality "1"]
[WhiteTeam "Estonia"]
[BlackTeam "Lebanon"]
[WhiteTeamCountry "EST"]
[BlackTeamCountry "LBN"]
[TimeControl "40/5400+30:1800+30"]

1. d4 d5 2. Nf3 Nf6 3. c4 dxc4 4. e3 e6 5. Bxc4 c5 6. O-O a6 7. dxc5 Bxc5 8. Qxd8+ Kxd8 9. a3 Ke7 10. b4 Bd6 11. Bb2 b5 12. Be2 Bb7 13. Nbd2 Rc8 14. Nd4 Nbd7 15. N2b3 Nb6 16. Na5 Bd5 17. Rac1 Na4 18. Ba1 Ne4 19. Bd3 g6 20. f3 Nd2 21. Rfd1 Rxc1 22. Rxc1 e5 23. Ndc6+ Bxc6 24. Rxc6 Rd8 25. Rc2 Bxb4 26. Nc6+ Ke8 27. Nxd8 Kxd8 28. axb4 Nb3 29. Bxe5 Kd7 30. Be4 Ke6 31. Bb8 f5 32. Bb7 a5 33. bxa5 Nxa5 34. Bc6 Nxc6 35. Rxc6+ Kd5 36. Rc1 b4 37. e4+ fxe4 38. fxe4+ Kxe4 39. Rc4+ Kd3 40. Rxb4 Nc5 41. Ba7 Ne6 42. Rb7 h5 43. Rb6 Nf8 44. Rf6 Nh7 45. Rxg6 Nf8 46. Rf6 Nh7 47. Rf5 Ke4 48. Rxh5 Nf6 49. Rb5 Kf4 50. Bb8+ Ke4 51. h4 Ng4 52. Rb4+ Kf5 53. Rf4+ 1-0

[Event "45th FIDE Womens Olympiad 2024"]
[Site "Budapest"]
[Date "2024.09.11"]
[Round "1.150"]
[White "Fawaz, Nadia"]
[Black "Blokhin, Sofia"]
[Result "0-1"]
[ECO "B42"]
[WhiteElo "1747"]
[BlackElo "2036"]
[Annotator "NA"]
[PlyCount "70"]
[EventDate "2024.09.05"]
[EventType "team-tourn"]
[EventCountry "HUN"]
[SourceTitle "playchess.com"]
[Source "ChessBase"]
[SourceQuality "1"]
[WhiteTeam "Lebanon"]
[BlackTeam "Estonia"]
[WhiteTeamCountry "LBN"]
[BlackTeamCountry "EST"]
[TimeControl "40/5400+30:1800+30"]

1. e4 c5 2. Nf3 e6 3. d4 cxd4 4. Nxd4 a6 5. Bd3 Nc6 6. Nf3 Nf6 7. O-O Qc7 8. a3 b5 9. Qe2 d6 10. Nbd2 Bb7 11. c4 b4 12. b3 Be7 13. axb4 Nxb4 14. Ba3 Nc6 15. Rfd1 a5 16. Nf1 O-O 17. e5 dxe5 18. Bxe7 Qxe7 19. Nxe5 Nb4 20. Ng3 g6 21. Ne4 Nh5 22. Bb1 Rfd8 23. Rxd8+ Rxd8 24. h3 f5 25. Nc3 Bxg2 26. Qe3 f4 27. Qb6 Bxh3 28. Nf3 Bg4 29. Kg2 Nd3 30. Bxd3 Bxf3+ 31. Kxf3 Rxd3+ 32. Ke2 Rxc3 33. Rxa5 Qd7 34. Qb8+ Kf7 35. Ra7 f3+ 0-1

[Event "45th FIDE Womens Olympiad 2024"]
[Site "Budapest"]
[Date "2024.09.11"]
[Round "1.151"]
[White "Narva, Triin"]
[Black "Attieh, Skye"]
[Result "1-0"]
[ECO "C00"]
[WhiteElo "2066"]
[BlackElo "1675"]
[Annotator "NA"]
[PlyCount "93"]
[EventDate "2024.09.05"]
[EventType "team-tourn"]
[EventCountry "HUN"]
[SourceTitle "playchess.com"]
[Source "ChessBase"]
[SourceQuality "1"]
[WhiteTeam "Estonia"]
[BlackTeam "Lebanon"]
[WhiteTeamCountry "EST"]
[BlackTeamCountry "LBN"]
[TimeControl "40/5400+30:1800+30"]

1. e4 e6 2. Qe2 Be7 3. g3 d5 4. d3 Nf6 5. Bg2 O-O 6. e5 Nfd7 7. f4 c5 8. Nf3 Nc6 9. O-O b6 10. c4 dxc4 11. dxc4 Bb7 12. Rd1 Qc7 13. Nc3 a6 14. b3 Rfd8 15. Bb2 Rac8 16. Ne4 Na7 17. Nd6 Rb8 18. Nxb7 Rxb7 19. h4 Nc6 20. Qe4 Rbb8 21. Ng5 Bxg5 22. Qxc6 Qxc6 23. Bxc6 Bxf4 24. gxf4 Nf8 25. h5 g6 26. h6 g5 27. fxg5 Ng6 28. Kf2 b5 29. Rxd8+ Rxd8 30. Ke3 bxc4 31. bxc4 Kf8 32. Be4 Ke7 33. Bxg6 fxg6 34. Ba3 Rc8 35. Rb1 Rc7 36. Rb8 Kd7 37. Rg8 Kc6 38. Rg7 Kb6 39. Rxc7 Kxc7 40. Bxc5 Kc6 41. Kd4 Kc7 42. a4 Kc6 43. Bb4 Kb6 44. a5+ Kc6 45. Ba3 Kd7 46. Kc5 Kc7 47. Bb4 1-0

[Event "45th FIDE Womens Olympiad 2024"]
[Site "Budapest"]
[Date "2024.09.11"]
[Round "1.152"]
[White "Al Asmar, Remy"]
[Black "Olde, Grete"]
[Result "0-1"]
[ECO "D30"]
[WhiteElo "1661"]
[BlackElo "1952"]
[Annotator "NA"]
[PlyCount "92"]
[EventDate "2024.09.05"]
[EventType "team-tourn"]
[EventCountry "HUN"]
[SourceTitle "playchess.com"]
[Source "ChessBase"]
[SourceQuality "1"]
[WhiteTeam "Lebanon"]
[BlackTeam "Estonia"]
[WhiteTeamCountry "LBN"]
[BlackTeamCountry "EST"]
[TimeControl "40/5400+30:1800+30"]

1. d4 Nf6 2. c4 e6 3. Nf3 d5 4. Bg5 Be7 5. e3 O-O 6. Bd3 b6 7. O-O Bb7 8. Nbd2 Nbd7 9. Rc1 c5 10. cxd5 exd5 11. dxc5 Nxc5 12. Bb1 Nfe4 13. Bxe7 Qxe7 14. Nd4 Ba6 15. Re1 Qh4 16. Nxe4 Nxe4 17. Rc2 Rad8 18. f3 Nc5 19. Rf2 Rfe8 20. Nf5 Qf6 21. Rd2 Bb7 22. b4 Na6 23. a3 Nc7 24. Ng3 Nb5 25. Qc2 g6 26. Rd3 Nd6 27. Ba2 d4 28. Rxd4 Qxd4 29. exd4 Rxe1+ 30. Kf2 Re7 31. h4 Nb5 32. d5 Nd6 33. h5 Rc8 34. Qd3 Rec7 35. Kg1 f5 36. Qe3 Re8 37. Qg5 Rg7 38. hxg6 Rxg6 39. Qf4 Bc8 40. Nh5 Re1+ 41. Kf2 Ra1 42. Qd2 Ba6 43. Nf4 Rg7 44. Ne6 f4 45. Nxf4 Rf7 46. Ne6 Ne4+ 0-1

[Event "45th FIDE Womens Olympiad 2024"]
[Site "Budapest"]
[Date "2024.09.11"]
[Round "1.153"]
[White "Lieketseng, Ngatane"]
[Black "Cori T., Deysi"]
[Result "0-1"]
[ECO "C01"]
[WhiteElo "1651"]
[BlackElo "2366"]
[Annotator "ChessBase"]
[PlyCount "84"]
[EventDate "2024.09.05"]
[EventType "team-tourn"]
[EventCountry "HUN"]
[SourceTitle "playchess.com"]
[Source "ChessBase"]
[SourceQuality "1"]
[WhiteTeam "Lesotho"]
[BlackTeam "Peru"]
[WhiteTeamCountry "LES"]
[BlackTeamCountry "PER"]
[TimeControl "40/5400+30:1800+30"]

1. e4 e6 2. d4 d5 3. exd5 exd5 4. Nf3 Bd6 5. Bd3 Bg4 6. Be3 Ne7 7. Nbd2 Nf5 8. O-O O-O 9. c3 Nxe3 10. fxe3 c5 11. Qc2 g6 12. b3 Nc6 13. Rae1 Rc8 14. Qb2 Re8 15. Kh1 Rc7 16. e4 cxd4 17. cxd4 Nb4 18. Bb1 Bxf3 19. Nxf3 dxe4 20. Rxe4 Rxe4 21. Bxe4 Re7 22. Bb1 Nd5 23. Qf2 Ne3 24. Re1 Qe8 25. h3 h5 26. Bd3 Kg7 27. a4 a6 28. Rc1 Bf4 29. Re1 Qd7 30. Qb2 Qd5 31. Kg1 Re6 32. Kf2 g5 33. g3 g4 34. hxg4 Nxg4+ 35. Kg2 Rxe1 36. gxf4 Ne3+ 37. Kg3 h4+ 38. Nxh4 Rg1+ 39. Kf2 Rg2+ 40. Kxe3 Rxb2 41. Nf5+ Kf8 42. Bc4 Qxf5 0-1

[Event "45th FIDE Womens Olympiad 2024"]
[Site "Budapest"]
[Date "2024.09.11"]
[Round "1.154"]
[White "Aliaga Fernandez, Ingrid Y"]
[Black "Boitumelo Sethabathaba"]
[Result "1-0"]
[ECO "C45"]
[WhiteElo "2111"]
[BlackElo "1571"]
[Annotator "NA"]
[PlyCount "65"]
[EventDate "2024.09.05"]
[EventType "team-tourn"]
[EventCountry "HUN"]
[SourceTitle "playchess.com"]
[Source "ChessBase"]
[SourceQuality "1"]
[WhiteTeam "Peru"]
[BlackTeam "Lesotho"]
[WhiteTeamCountry "PER"]
[BlackTeamCountry "LES"]
[TimeControl "40/5400+30:1800+30"]

1. e4 e5 2. Nf3 Nc6 3. d4 exd4 4. Nxd4 Nf6 5. Nxc6 bxc6 6. e5 Qe7 7. Qe2 Nd5 8. Nd2 g6 9. c4 Ba6 10. Qe4 Nb6 11. Bd3 Bg7 12. O-O Bxe5 13. Nf3 Bf6 14. Qf4 O-O-O 15. Be3 Bxb2 16. Rab1 Qf6 17. Qg3 h6 18. Rfd1 Rh7 19. Qg4 Ba3 20. c5 Bxd3 21. Rxd3 Bxc5 22. Bxc5 Qe6 23. Qb4 d6 24. Be3 Qxa2 25. Ra3 Qc4 26. Qa5 Kd7 27. Rc3 Qa4 28. Bxb6 Qe4 29. Re1 axb6 30. Qa1 Qd5 31. Rce3 f5 32. Rd1 Qf7 33. Ne5+ 1-0

[Event "45th FIDE Womens Olympiad 2024"]
[Site "Budapest"]
[Date "2024.09.11"]
[Round "1.155"]
[White "Ntsielo, Bonolo"]
[Black "Contreras Huaman, Fiorella"]
[Result "0-1"]
[ECO "B13"]
[WhiteElo "1757"]
[BlackElo "2168"]
[Annotator "ChessBase"]
[PlyCount "103"]
[EventDate "2024.09.05"]
[EventType "team-tourn"]
[EventCountry "HUN"]
[SourceTitle "playchess.com"]
[Source "ChessBase"]
[SourceQuality "1"]
[WhiteTeam "Lesotho"]
[BlackTeam "Peru"]
[WhiteTeamCountry "LES"]
[BlackTeamCountry "PER"]
[TimeControl "40/5400+30:1800+30"]

1. e4 c6 2. Nf3 d5 3. exd5 cxd5 4. d4 Nc6 5. Bf4 Bg4 6. c3 e6 7. h3 Bh5 8. Nbd2 Bd6 9. Bxd6 Qxd6 10. Bd3 Nf6 11. O-O O-O 12. Re1 Qc7 13. Qc2 Bg6 14. Rac1 Rfc8 15. Bxg6 hxg6 16. Qd3 Rab8 17. Ng5 b5 18. Nb3 Qf4 19. Qe3 Qxe3 20. Rxe3 Nd7 21. Rf3 Rf8 22. Kf1 a5 23. a3 e5 24. Rd3 e4 25. Rd2 Rbe8 26. h4 f6 27. Nh3 Kf7 28. Nc5 Nb6 29. b3 Rh8 30. Nb7 Re6 31. g3 g5 32. Ke2 Kg6 33. c4 bxc4 34. bxc4 Rb8 35. cxd5 Nxd5 36. Nc5 Re7 37. Na4 e3 38. Rd3 exf2+ 39. Kxf2 Na7 40. hxg5 fxg5 41. Rc5 Rb5 42. Rxb5 Nxb5 43. Nc5 Kf5 44. Rf3+ Kg4 45. Ng1 Ndc3 46. a4 Nd1+ 47. Kg2 Nxd4 48. Rd3 Ne3+ 49. Kf2 Nef5 50. Nf3 Re2+ 51. Kg1 Nxf3+ 52. Kf1 0-1